 Dungeon Crawl Stone Soup version 0.18-a0-1203-gbde16db (webtiles) character file.

6059 M4edhros the Covert (level 10, -2/56 HPs)
             Began as an Octopode Artificer on Jan 31, 2016.
             Was a Believer of Fedhas.
             Slain by an orc warrior
             ... wielding a +0 battleaxe
              (15 damage)
             ... on level 10 of the Dungeon.
             The game lasted 00:18:45 (10662 turns).

M4edhros the Covert (Octopode Artificer)           Turns: 10662, Time: 00:18:45

Health: -2/56      AC:  8    Str: 10 (11) XL:     10   Next: 87%
Magic:  15/15      EV: 17    Int: 12 (15) God:    Fedhas [**....]
Gold:   724        SH:  7    Dex: 12 (14) Spells: 0 memorised, 9 levels left

rFire  + . .     SeeInvis .     x - +1 short sword (protect)
rCold  + . .     Gourm    .     T - +2 buckler
rNeg   . . .     Faith    .     (helmet restricted)
rPois  .         Spirit   .     B - amulet of harm
rElec  .         Dismiss  .     u - ring of protection from fire
rCorr  +         Reflect  .     O - +2 ring of dexterity
SustAt .         Harm     +     Q - ring of resist corrosion
MR     .....                    W - ring of protection from cold
Stlth  ++++++....               X - +3 ring of strength
                                (no ring)
                                (no ring)
                                (no ring)

@: lethally poisoned (-2 -> -5), not resistant to hostile enchantments, very
stealthy
A: almost no armour, amphibious, 8 rings, constrict 8, tentacle spike 1, thin
metallic scales 1, camouflage 1, deterioration 2, dopey 1, frail 1, weak 2, wild
magic 1, gelatinous body 1
a: Evolution, Sunlight, Renounce Religion


You were on level 10 of the Dungeon.
You worshipped Fedhas.
Fedhas was pleased with you.
You were very hungry.

You visited 2 branches of the dungeon, and saw 11 of its levels.

You collected 724 gold pieces.

Inventory:

Hand Weapons
 x - a +1 short sword of protection (weapon)
 A - a +0 hunting sling
 K - a +0 rapier of flaming
Missiles
 p - 301 stones (quivered)
 M - 16 silver sling bullets
 Z - 38 sling bullets
Armour
 T - a +2 buckler (worn)
Jewellery
 u - a ring of protection from fire (left tentacle)
 B - an amulet of harm (around mantle)
 O - a +2 ring of dexterity (right tentacle)
 Q - a ring of resist corrosion (on tentacle)
 W - a ring of protection from cold (on tentacle)
 X - a +3 ring of strength (on tentacle)
Wands
 b - a wand of flame (2/48)
 c - a wand of enslavement (9/24)
 d - a wand of random effects (3/48)
 l - a wand of lightning (7/15)
 m - a wand of disintegration (0/24)
 s - a wand of lightning (3/15)
 t - a wand of lightning (0/15)
 y - a wand of flame (28/48)
 E - a wand of draining (5/15)
 I - a wand of fireball (6/15)
 N - a wand of slowing (16/48)
Scrolls
 e - a scroll of blinking
 h - 2 scrolls of enchant weapon
 i - 3 scrolls of noise
 k - a scroll of teleportation
 q - 3 scrolls of fear
 r - a scroll of enchant armour
 w - 4 scrolls of magic mapping
 z - 4 scrolls of remove curse
 H - a scroll of fog
 P - 3 scrolls of recharging
Potions
 g - a potion of might
 j - a potion of curing
 n - a potion of berserk rage
 V - 2 potions of heal wounds
Comestibles
 a - 5 royal jellies
 f - 12 bread rations
 v - 4 beef jerkies
 F - 22 fruits


   Skills:
 + Level 3.9 Fighting
 - Level 1.0 Short Blades
 + Level 3.8 Slings
 * Level 9.5 Dodging
 - Level 10.3 Stealth
 * Level 5.4 Shields
 + Level 4.0 Invocations
 + Level 7.7 Evocations


You had 9 spell levels left.
You didn't know any spells.

Dungeon Overview and Level Annotations

Branches:
Dungeon (10/15)            Temple (1/1) D:7
   Lair: D:8-11         Orc: D:9-12

Altars:
Ashenzari
Cheibriados
Dithmenos
Elyvilon
Fedhas
Gozag
Kikubaaqudgha
Makhleb
Nemelex Xobeh
Okawaru
Pakellas
Qazlal
Ru
Sif Muna
Trog
Vehumet
Xom
Yredelemnul
Zin
The Shining One

Shops:
D:7 (   D:8 }

Annotations:
D:4 M4edhros's ghost, amateur OpAr
D:5 M4edhros's ghost, novice OpAr


Innate Abilities, Weirdness & Mutations

You cannot wear most types of armour.
You are amphibious.
You can wear up to eight rings at the same time.
You can use your tentacles to constrict eight enemies at once.
Your skin changes colour to match your surroundings (Stealth).
Your rubbery body absorbs attacks (AC +1).
One of your tentacles bears a spike.
You are partially covered in thin metallic scales (AC +2).
Your body often deteriorates upon taking damage.
You are dopey. (Int -2)
You are frail (-10% HP).
You are very weak. (Str -4)
Your spells are a little harder to cast, but a little more powerful.


Message History

Aim: an orc warrior, wielding a battleaxe and wearing a plate armour The bolt of negative energy hits the orc warrior.
The orc warrior is drained!
The orc warrior is heavily wounded.
The bolt of negative energy hits the troll.
The troll is drained!
You kill the troll!
Your Invocations skill increases to level 4!
This wand has 6 charges left.
You feel sick.
Unknown command.
Evoke which item? (* to show all) (? for menu, Esc to quit)
Zapping:
E - a wand of draining (6/15)
Press: ? - help, Shift-Dir - straight line, f - orc warrior
Aim: an orc warrior, wielding a battleaxe and wearing a plate armour (heavily wounded, lightly drained)
The bolt of negative energy misses the orc warrior.
This wand has 5 charges left.
You feel sick.
Your wandering mushroom barely misses the orc warrior.
The orc warrior hits you with a battleaxe!
You die...
Fedhas appreciates your contribution to the ecosystem.

..... ..#.#.#
#######.#.
..#.....#####.........
?...#..........###
.......#####..ff.#
.........###.###f#####
. ....<..#.##..#
#.ff..# ..
........o##.##
#####f#####.)
......#.††o@#
#f.......
......).†f###
#........ ......###.#
#........ ...... ###
#........ .o...
#.......[ .y...
#..<.....


.yyo ######### .... You could see an orc warrior, an orc and a friendly
wandering mushroom.

Vanquished Creatures
  An unseen horror (D:9)
  A troll (D:10)
  Prince Ribbit (D:7)
  Grinder (D:3)
  Sigmund (D:2)
  5 yaks (D:9)
  2 wyverns (D:9)
  A hungry ghost (D:9)
  2 hippogriffs
  3 centaurs
  2 steam dragons
  A water moccasin (D:9)
  Duvessa (D:6)
  An orc warrior (D:8)
  A black bear (D:6)
  A phantom (D:5)
  A necrophage (D:7)
  5 ogres
  A crocodile (D:8)
  2 giant frogs
  Dowan (D:6)
  3 scorpions
  A killer bee (D:10)
  A spriggan skeleton (D:9)
  A crimson imp (D:6)
  2 orc priests
  7 hounds
  Crazy Yiuf (D:7)
  2 giant frog skeletons
  2 quasits
  2 centaur skeletons
  An iguana (D:8)
  Natasha (D:2)
  6 orc wizards
  3 worker ants
  A worker ant zombie (D:6)
  5 adders
  2 shadow imps (D:8)
  2 oozes
  3 adder skeletons
  2 worms
  8 giant geckos
  31 orcs
  7 bats
  4 giant cockroaches
  7 goblins
  6 hobgoblins
  6 jackals
  4 kobolds
  A quokka (D:2)
  A ball python (D:1)
  3 giant newts
  2 quokka skeletons
  11 rats
174 creatures vanquished.

Vanquished Creatures (collateral kills)
  4 yaks (D:9)
  An ice beast (D:5)
  A giant frog (D:9)
  2 killer bees (D:10)
  A spriggan skeleton (D:9)
  A quasit (D:7)
  2 centaur skeletons (D:9)
  A hound skeleton (D:7)
  An adder (D:10)
  A ball python (D:7)
15 creatures vanquished.

Vanquished Creatures (others)
  An orc priest (D:8)
  An orc (D:8)
  4 wandering mushrooms
  3 fungi (D:5)
  68 toadstools
77 creatures vanquished.

Grand Total: 266 creatures vanquished

Notes
Turn   | Place    | Note
--------------------------------------------------------------
     0 | D:1      | M4edhros the Octopode Artificer began the quest for the Orb.
     0 | D:1      | Reached XP level 1. HP: 13/13 MP: 3/3
   349 | D:2      | Reached XP level 2. HP: 18/18 MP: 4/4
   586 | D:2      | Noticed Natasha
   589 | D:2      | Noticed a crimson imp
   595 | D:2      | Killed Natasha
   595 | D:2      | Reached XP level 3. HP: 12/23 MP: 5/5
   797 | D:3      | Noticed Grinder
   811 | D:3      | Killed Grinder
   811 | D:3      | Reached skill level 4 in Dodging
   811 | D:3      | Reached skill level 5 in Stealth
   811 | D:3      | Reached XP level 4. HP: 8/28 MP: 5/7
   811 | D:3      | Reached XP level 5. HP: 9/33 MP: 5/8
   811 | D:3      | Reached XP level 6. HP: 10/38 MP: 5/9
  1201 | D:4      | Found a shadowy altar of Dithmenos.
  1363 | D:4      | Reached skill level 6 in Stealth
  1437 | D:4      | Noticed M4edhros's ghost (amateur OpAr)
  1539 | D:4      | Reached XP level 7. HP: 43/43 MP: 10/10
  1691 | D:4      | Reached skill level 5 in Evocations
  1840 | D:4      | Found a deep blue altar of Sif Muna.
  1848 | D:4      | Reached skill level 5 in Dodging
  2169 | D:5      | Entered Level 5 of the Dungeon
  2190 | D:5      | Noticed Prince Ribbit
  2261 | D:5      | Found a stormy altar of Qazlal.
  2429 | D:5      | Reached skill level 7 in Stealth
  3343 | D:5      | Killed a centaur
  3343 | D:5      | Reached XP level 8. HP: 32/48 MP: 12/12
  3372 | D:5      | Noticed M4edhros's ghost (novice OpAr)
  4191 | D:6      | Noticed Duvessa
  4191 | D:6      | Noticed Dowan
  4236 | D:6      | Found an ancient bone altar of Kikubaaqudgha.
  4241 | D:6      | Reached skill level 8 in Stealth
  4800 | D:6      | Killed Duvessa
  4803 | D:6      | Killed Dowan
  4803 | D:6      | Reached skill level 9 in Stealth
  4830 | D:6      | Found a sacrificial altar of Ru.
  4867 | D:6      | You fall through a shaft for 3 floors!
  4867 | D:9      | Noticed a wyvern
  4997 | D:8      | Found a shattered altar of Ashenzari.
  4998 | D:8      | Found a burning altar of Makhleb.
  5865 | D:6      | Reached skill level 10 in Stealth
  5865 | D:6      | Reached XP level 9. HP: 53/53 MP: 13/13
  5980 | D:7      | Found a staircase to the Ecumenical Temple.
  6002 | Temple   | Entered the Ecumenical Temple
  6034 | Temple   | Became a worshipper of Xom the Unpredictable
  6039 | Temple   | Fell from the grace of Xom
  6039 | Temple   | Became a worshipper of Fedhas Madash
  6497 | D:2      | Noticed Sigmund
  6501 | D:2      | Killed Sigmund
  6936 | D:1      | XOM: give mutations
  6936 | D:1      | Gained mutation: You are weak. (Str -2) [Xom's mischief]
  6936 | D:1      | Gained mutation: Your body sometimes deteriorates upon taking damage. [Xom's mischief]
  6936 | D:1      | Gained mutation: You are frail (-10% HP). [Xom's mischief]
  7249 | D:1      | Reached * piety under Fedhas
  8014 | D:4      | Reached skill level 1 in Shields
  8131 | D:7      | Reached skill level 1 in Slings
  8140 | D:7      | Reached skill level 1 in Invocations
  8164 | D:7      | Gained mutation: You are partially covered in thin metallic scales (AC +2). [potion of beneficial mutation]
  8168 | D:7      | Gained mutation: One of your tentacles bears a spike. [potion of mutation]
  8168 | D:7      | Gained mutation: Your body often deteriorates upon taking damage. [potion of mutation]
  8168 | D:7      | Gained mutation: Your spells are a little harder to cast, but a little more powerful. [potion of mutation]
  8170 | D:7      | Gained mutation: You are dopey. (Int -2) [potion of mutation]
  8170 | D:7      | Gained mutation: You are very weak. (Str -4) [potion of mutation]
  8563 | D:7      | Killed Prince Ribbit
  8655 | D:7      | Noticed Crazy Yiuf
  8661 | D:7      | Killed Crazy Yiuf
  8694 | D:7      | Found Yremanif's Weapon Shop.
  8788 | D:7      | XOM: noise
  9087 | D:8      | Reached XP level 10. HP: 34/54 MP: 15/15
  9152 | D:8      | Found Bifank's Gadget Shoppe.
  9223 | D:8      | Found a sparkling altar of Nemelex Xobeh.
  9413 | D:9      | Found an oddly glowing altar of Pakellas.
  9580 | D:9      | XOM: draining
  9930 | D:9      | Killed an unseen horror
 10143 | D:9      | Reached ** piety under Fedhas
 10385 | D:9      | XOM: vitrification
 10562 | D:9      | Reached skill level 5 in Shields
 10615 | D:10     | Entered Level 10 of the Dungeon
 10649 | D:10     | XOM: medium Erth miscast
 10662 | D:10     | Slain by an orc warrior

Vault maps used:
D:1:      minmay_arrival_three_doors
D:2:      uniq_sigmund, uniq_natasha
D:3:      first_bread, guppyfry_early_lair_pool, uniq_grinder
D:4:      kennysheep_spiral_hall, nicolae_dithmenos_the_darkroom,
          nicolae_overflow_hidden_temple, minivault_11
D:5:      kennysheep_steamy, nicolae_qazlal_eye_of_the_storm,
          uniq_prince_ribbit1
D:6:      kiku_gazebo_garden_becter, kennysheep_little_box, uniq_duvessa
D:7:      minmay_temple_entry_large_hall, serial_shops, shop,
          uniq_crazy_yiuf_cottage
D:8:      lemuel_doored_altar, gammafunk_temple_overflow_statue, serial_shops,
          nicolae_shop_temple_entry_statues_fountains
D:9:      hangedman_tell_no_tales, grunt_pakellas_basics
D:10:     due_lair_maze_entry_diamond, david_orc_4, serial_shops,
          shop_fountains, uniq_erolcha, uniq_psyche
Temple:   circular_temple_12

Action                   |  1- 3 |  4- 6 |  7- 9 | 10-12 || total
-------------------------+-------+-------+-------+-------++-------
Melee: Short sword       |    39 |     4 |   197 |   107 ||   347
       Spear             |       |    31 |    25 |       ||    56
       Rapier            |       |       |    60 |       ||    60
       Falchion          |       |       |     2 |       ||     2
Invok: Evolution         |       |       |     1 |     4 ||     5
Evoke: Wand              |     3 |     6 |    29 |    15 ||    53
  Use: Potion            |     1 |       |    15 |       ||    16
       Scroll            |       |       |    14 |     2 ||    16
 Stab: Sleeping          |    12 |     4 |    34 |     6 ||    56
       Confused          |       |     1 |     3 |       ||     4
       Distracted        |       |       |     1 |       ||     1
  Eat: Chunk             |       |     2 |     9 |       ||    11
       Meat ration       |       |       |     3 |       ||     3
       Pizza             |       |       |       |     2 ||     2
       Beef jerky        |       |       |       |     1 ||     1
